 Dungeon Crawl Stone Soup version 0.31.0-4-g52a2dc7128 (console) character file.

Game seed: 17960393500885902964

7352 AlterAsc the Mimic (level 10, -9/45 (53) HPs)
             Began as a Spriggan Shapeshifter on Jan 21, 2024.
             Was a High Priest of Okawaru.
             Mangled by a spectral orc warrior
             ... wielding a +0 glaive
             ... summoned by Nergalle
              (19 damage)
             ... on level 11 of the Dungeon.
             The game lasted 00:48:49 (10380 turns).

AlterAsc the Mimic (Spriggan Shapeshifter)         Turns: 10380, Time: 00:48:49

HP:   -9/45 (53)    AC:  5    Str: 10    XL:     10   Next: 91%
MP:   13/13         EV: 25    Int: 12    God:    Okawaru [*****.]
Gold: 633           SH:  0    Dex: 19    Spells: 9/9 levels left

rFire   + .          .
                       - Unarmed
rCold   x . .        (shield currently unavailable)
rNeg    . . .        T - +0 steam dragon scales
rPois   .            (helmet restricted)
rElec   .            w - scarf {repulsion}
rCorr   .            (gloves unavailable)
SInv    +            (boots unavailable)
Will    +....        j - amulet of regeneration
Stlth   ++           O - +4 ring of protection
HPRegen 1.07/turn    M - ring of fire
MPRegen 0.13/turn

%: repel missiles
@: blade hands, heavily drained, very quick
A: very small, no large weapons, unfitting armour, see invisible, speed 3
a: Begin Untransformation, Renounce Religion, Heroism, Finesse, Duel


You were on level 11 of the Dungeon.
You worshipped Okawaru.
Okawaru was extremely pleased with you.
You had blades for hands.
You visited 1 branch of the dungeon, and saw 11 of its levels.
You also visited: Sewer and Bailey.

You collected 663 gold pieces.
You spent 30 gold pieces at shops.

Inventory:

Hand Weapons
 f - a +0 giant club
 q - a +0 dagger of freezing
 r - a +2 dagger of electrocution
 L - a +0 shortbow
Missiles
 x - 41 stones (quivered)
 H - 6 darts of dispersal
 J - 4 poisoned darts
 K - 2 curare-tipped darts
Armour
 a - a +0 animal skin
 o - the +1 robe of Lutimpuo {Int+3}
   (You found it on level 3 of the Dungeon)

   Int+3:     It affects your intelligence (+3).
 w - a scarf of repulsion (worn)
 N - the +4 tower shield "Ejodas" {rC- rCorr Str+8}
   (You found it in a bailey)

   Str+8:     It affects your strength (+8).
   rC-:       It makes you vulnerable to cold.
   rCorr:     It protects you from acid and corrosion.
 S - +0 acid dragon scales
 T - +0 steam dragon scales (worn)
Jewellery
 d - the amulet "Viutiyrydy" {Spirit rF- Str+3 Dex+7 Stlth+}
   (You took it off Maurice on level 7 of the Dungeon)

   [amulet of guardian spirit]

   Spirit:    It causes incoming damage to be divided between your reserves of
   health and magic.
   Str+3:     It affects your strength (+3).
   Dex+7:     It affects your dexterity (+7).
   rF-:       It makes you vulnerable to fire.
   Stlth+:    It makes you more stealthy.
 j - an amulet of regeneration (around neck)
 G - a +6 ring of intelligence
 M - a ring of fire (right blade hand)
 O - a +4 ring of protection (left blade hand)
 P - an amulet of reflection
 Q - a ring of positive energy
Talismans
 c - a beast talisman
 m - a maw talisman
 p - a flux talisman
 I - a blade talisman (active)
Wands
 y - a wand of polymorph (5)
 F - a wand of flame (25)
 U - a wand of charming (8)
Scrolls
 g - 2 scrolls of amnesia
 i - 2 scrolls of noise
 s - a scroll of fear
 u - 2 scrolls of blinking {unknown}
 v - a scroll of immolation {unknown}
 B - 4 scrolls of vulnerability
 C - a scroll of poison {unknown}
 D - 2 scrolls of enchant weapon {unknown}
 E - a scroll of summoning {unknown}
 V - a scroll of brand weapon {unknown}
Potions
 b - 2 potions of lignification
 e - 2 potions of haste
 h - 6 potions of curing
 k - a potion of might
 n - 2 potions of brilliance
 t - a potion of berserk rage {unknown}
 z - 4 potions of enlightenment
 A - 2 potions of cancellation {unknown}
Miscellaneous
 W - a lightning rod (inert)


   Skills:
 + Level 6.8 Fighting
 + Level 10.3 Dodging
 + Level 6.5 Unarmed Combat
 + Level 2.8 Invocations
 * Level 12.5 Shapeshifting


You had 9 spell levels left.
You didn't know any spells.
Your spell library contained the following spells:

 Spells                   Type           Power      Damage    Failure   Level
 Sandblast                Erth           0%         2d4       32%         1
 Mercury Vapours          Alch/Air       0%         N/A       45%         2
 Sublimation of Blood     Necr           0%         N/A       45%         2
 Mephitic Cloud           Conj/Alch/Air  0%         N/A       69%         3
 Passwall                 Erth           0%         N/A       69%         3
 Stone Arrow              Conj/Erth      0%         3d7       69%         3
 Brom's Barrelling Bould  Conj/Erth      0%         2d3       97%         4
 Petrify                  Alch/Erth      0%         N/A       97%         4
 Freezing Cloud           Conj/Ice/Air   0%         6-21      100%        5
 Irradiate                Conj/Alch      0%         3d11      100%        5
 Summon Small Mammal      Summ           Unusable   N/A       N/A         1
 Call Canine Familiar     Summ           Unusable   N/A       N/A         3
 Summon Blazeheart Golem  Fire/Summ      Unusable   N/A       N/A         4

Dungeon Overview and Level Annotations

Branches:
Dungeon (11/15)            Temple (0/1) D:6           Sewer (visited)
 Bailey (visited)
   Lair: D:8-11         Orc: D:9-12

Altars:
Cheibriados
Dithmenos
Fedhas
Gozag
Makhleb
Nemelex Xobeh
Okawaru
Ru
Sif Muna
Trog
Wu Jian
Xom
Yredelemnul
The Shining One

Shops:
D:4 !   D:7 *   D:9 !

Annotations:
D:8 3 runed translucent doors, Borsukrates's ghost, novice TrGl
D:11 Nergalle


Innate Abilities, Weirdness & Mutations

You have blades for hands.
You are incapable of wielding weapons or throwing items.
You are very small and have problems with some larger weapons.
You are too small for most types of armour.
You have supernaturally acute eyesight. (SInv)
You cover ground extremely quickly. (Speed+++)


Message History

Orcish apparitions take form around you.
The spectral orc warrior closely misses you.
You hit Nergalle.
Nergalle is almost dead.
The spectral orc warrior closely misses you.
The spectral orc closely misses you.
The spectral orc warrior completely misses you.
Nergalle points at you and mumbles some strange words.
Orcish apparitions take form around you.
Aiming: Thunderbolt
Press: ? - help, Shift-Dir - straight line, f/p - Nergalle
Aim: Nergalle, wielding a +0 dagger and wearing a +0 robe (almost dead)
The thunderbolt hits Nergalle.
Nergalle is almost dead.
The lightning rod overheats!
The spectral orc warrior completely misses you.
The spectral orc warrior hits you with a +0 flail!
You feel drained. The spectral orc closely misses you.
Nergalle points at the spectral orc warrior and mumbles some strange words.
The spectral orc warrior seems to speed up.
The spectral orc warrior closely misses you.
The spectral orc warrior barely misses you. x2
You barely miss Nergalle.
Nergalle is almost dead.
The spectral orc warrior hits you with a +0 flail!
You feel drained.
The spectral orc hits you with a +0 falchion.
* * * LOW HITPOINT WARNING * * *
The spectral orc warrior hits you from afar with a +0 glaive.
* * * LOW HITPOINT WARNING * * *
You feel drained.
* * * LOW HITPOINT WARNING * * *
Nergalle hits you but does no damage.
The spectral orc warrior closely misses you.
You closely miss Nergalle. You slash Nergalle, but do no damage.
Nergalle is almost dead.
The spectral orc warrior completely misses you.
The spectral orc hits you but does no damage.
The spectral orc warrior hits you from afar with a +0 glaive!!
You die...

#.# ... #.# #.#
.#.##.....
........#
#.....#.#
#...#.#.#
#...#.#.#
#...#.#.#
#...#.#Z#
#.#.###..[#Z#o##
...........Z@ZZ#
.#.###.###Z####.#
#..[.....Z.....#
#####.###.######
#.)...# #.#
####)##..# #.#
#.....#..# #.#
#....[#..# #..
#..##.#..# ###
#..##.#..########
#..##.#..........


You could see Nergalle, 2 spectral orcs, 4 spectral orc warriors and a spectral
orc knight (summoned).

Vanquished Creatures
  Maurice (D:7)
  Joseph (D:9)
  2 trolls
  Grinder (D:5)
  A slime creature (D:9)
  5 yaks (D:6)
  A wyvern (D:10)
  Grum (D:9)
  2 steam dragons (D:9)
  Menkaure (D:4)
  A water moccasin (D:6)
  2 acid dragons
  Duvessa (D:6)
  7 orc warriors
  A black bear (D:7)
  2 ogres
  4 sky beasts
  4 wolves
  3 centaurs
  A phantom (D:5)
  2 kobold brigands (D:8)
  3 bullfrogs
  A gnoll sergeant (D:8)
  2 scorpions (D:5)
  8 wights
  Dowan (D:6)
  2 howler monkeys (D:8)
  An electric eel (D:10)
  A crimson imp (D:6)
  3 jellies
  5 hounds
  4 orc priests
  A sleepcap (D:7)
  3 iguanas
  8 orc wizards
  Robin (D:3)
  5 gnolls
  3 river rats (Sewer)
  8 adders
  A shadow imp (D:7)
  4 ufetubi
  A dart slug (D:4)
  3 ribbon worms
  36 orcs
  3 endoplasms
  8 giant cockroaches
  15 goblins
  9 hobgoblins
  6 jackals
  10 kobolds
  10 quokkas
  9 ball pythons
  12 bats
  4 frilled lizards
  3 rats
  A spectral goblin (D:2)
239 creatures vanquished.

Vanquished Creatures (others)
  An orc wizard (D:9)
1 creature vanquished.

Grand Total: 240 creatures vanquished

Notes
Turn   | Place    | Note
-------+----------+-------------------------------------------
     0 | D:1      | AlterAsc the Spriggan Shapeshifter began the quest for the
                  | Orb.
     0 | D:1      | Reached XP level 1. HP: 9/9 MP: 2/2
   368 | D:1      | Reached skill level 1 in Fighting
   731 | D:1      | Reached XP level 2. HP: 14/14 MP: 3/3
  1247 | D:2      | Reached XP level 3. HP: 15/18 MP: 4/4
  1269 | D:2      | Found a faded altar of an unknown god.
  1522 | D:2      | Reached XP level 4. HP: 16/23 MP: 5/5
  1711 | D:2      | You fall into a shaft and drop 1 floor!
  1937 | D:3      | Identified the +1 robe of Lutimpuo {Int+3}
  1967 | D:3      | Noticed Robin
  2058 | D:3      | Killed Robin
  2315 | D:3      | Found a basalt altar of Yredelemnul.
  2438 | D:4      | Reached XP level 5. HP: 27/27 MP: 6/6
  2514 | D:4      | Found Pimammog's Distillery.
  2520 | D:4      | Bought a potion of curing for 30 gold pieces
  2720 | D:4      | Reached skill level 5 in Shapeshifting
  3097 | D:4      | Found a shadowy altar of Dithmenos.
  3332 | D:5      | Entered Level 5 of the Dungeon
  3356 | D:5      | Noticed Grinder
  3424 | D:5      | Reached XP level 6. HP: 10/32 MP: 7/7
  3465 | D:5      | Noticed Menkaure
  3570 | D:4      | Killed Menkaure
  3767 | D:4      | Reached skill level 5 in Dodging
  3767 | D:4      | Reached XP level 7. HP: 32/37 MP: 8/8
  4127 | D:5      | Reached skill level 6 in Shapeshifting
  4193 | D:5      | Found an iron altar of Okawaru.
  4196 | D:5      | Became a worshipper of Warmaster Okawaru
  4342 | D:5      | Paralysed by Grinder for 5 turns
  4360 | D:5      | Killed Grinder
  4361 | D:5      | Reached skill level 7 in Shapeshifting
  4361 | D:5      | Reached XP level 8. HP: 39/42 MP: 9/9
  4527 | D:5      | Found a sacrificial altar of Ru.
  4536 | D:5      | Found a glowing golden altar of the Shining One.
  4540 | D:5      | Found an ornate altar of the Wu Jian Council.
  4782 | D:6      | Reached * piety under Okawaru
  4792 | D:6      | Reached skill level 8 in Shapeshifting
  4815 | D:6      | Reached skill level 5 in Fighting
  4883 | D:6      | Reached skill level 9 in Shapeshifting
  4889 | D:6      | Found a staircase to the Ecumenical Temple.
  4915 | D:6      | Reached XP level 9. HP: 47/47 MP: 10/10
  4917 | D:6      | Reached ** piety under Okawaru
  5050 | D:6      | Reached skill level 5 in Unarmed Combat
  5206 | D:6      | Found a glowing drain.
  5231 | Sewer    | Entered a sewer
  5919 | D:6      | Found a shimmering altar of Xom.
  5919 | D:6      | Found a burning altar of Makhleb.
  6047 | D:6      | Noticed Duvessa
  6047 | D:6      | Noticed Dowan
  6072 | D:6      | Killed Duvessa
  6082 | D:6      | Killed Dowan
  6572 | D:7      | Noticed Maurice
  6730 | D:6      | Reached skill level 10 in Shapeshifting
  6765 | D:7      | Found an opulent altar of Gozag.
  6765 | D:7      | Found Gozag's Platinum Reserve.
  7023 | D:7      | Identified the amulet "Viutiyrydy" {Spirit rF- Str+3 Dex+7
                  | Stlth+}
  7040 | D:7      | Maurice stole a flux talisman
  7044 | D:7      | Maurice stole a +2 dagger of electrocution
  7048 | D:7      | Maurice stole 33 stones
  7079 | D:7      | Maurice stole 159 gold
  7081 | D:7      | Maurice stole 170 gold
  7159 | D:7      | Killed Maurice
  7405 | D:7      | Found a bloodstained altar of Trog.
  7817 | D:8      | Found a flagged portal.
  7832 | D:8      | Reached *** piety under Okawaru
  7905 | D:8      | Reached XP level 10. HP: 42/53 MP: 11/11
  7924 | D:8      | Reached skill level 11 in Shapeshifting
  8002 | Bailey   | Entered a bailey
  8189 | Bailey   | Noticed an orc knight
  8577 | Bailey   | Identified the +4 tower shield "Ejodas" {rC- rCorr Str+8}
  8587 | D:8      | Noticed a two-headed ogre
  8653 | D:8      | Found a runed translucent gate.
  8653 | D:8      | Found a runed translucent gate.
  8653 | D:8      | Found a runed translucent gate.
  8653 | D:8      | Noticed Borsukrates's ghost (novice TrGl)
  8759 | D:8      | Found a shimmering blue altar of Sif Muna.
  8778 | D:8      | Found a sparkling altar of Nemelex Xobeh.
  9058 | D:9      | Noticed Joseph
  9113 | D:9      | Killed Joseph
  9113 | D:9      | Reached **** piety under Okawaru
  9114 | D:9      | Reached skill level 1 in Invocations
  9132 | D:9      | Found Imaxil's Distillery.
  9167 | D:9      | Noticed Grum
  9175 | D:9      | Killed Grum
  9273 | D:9      | Found a blossoming altar of Fedhas.
  9362 | D:9      | Reached skill level 12 in Shapeshifting
  9404 | D:9      | Noticed a meliai
  9405 | D:9      | Reached skill level 10 in Dodging
  9791 | D:9      | Found a snail-covered altar of Cheibriados.
 10050 | D:10     | Entered Level 10 of the Dungeon
 10114 | D:10     | Reached ***** piety under Okawaru
 10159 | D:10     | Noticed a boulder beetle
 10235 | D:11     | Noticed Nergalle
 10380 | D:11     | Mangled by a spectral orc warrior

Illustrated notes

Levels and vault maps discovered:
D:1:      psy_arrival_radial01, layout_basic
D:2:      layout_basic, dreamdust_ecumenical_altar_drowned_temple,
          minmay_pentomino_r2
D:3:      layout_rooms, mainiacjoe_overflow_cross_hatched, uniq_robin
D:4:      layout_basic, mainiacjoe_overflow_catwalk, serial_shops,
          nicolae_shop_back_alley_shop, minmay_crossroads
D:5:      layout_basic, kennysheep_mini, minmay_overflow_temple_star_quad,
          palyth_stone_intersect, minmay_pentangle, uniq_grinder, uniq_menkaure
D:6:      layout_cave_pods, grunt_temple_overflow_champion_of_chaos,
          minmay_temple_entry_tees, gup_sewer_entry_pipe,
          kennysheep_generic_room_9, uniq_duvessa
D:7:      layout_basic, nicolae_gozag_zags_fifth_avenue,
          mainiacjoe_overflow_tiny_flanked, uniq_maurice
D:8:      layout_rooms, nemelex_spade_bored_becter, kennysheep_little_box,
          ebering_ghost_rock_garden, enter_bailey_2,
          minmay_misc_feat_four_crosses
D:9:      layout_loops_cross, amcnicky_altar_gilded,
          mainiacjoe_overflow_surrounded_room, serial_shops,
          nicolae_shop_crystal, minmay_checkerbox, uniq_joseph, uniq_grum
D:10:     layout_basic, vehumet_crystals, minmay_orc_keep
D:11:     layout_basic, erik_lair_island, nicolae_uskayaw_en_pointe,
          uniq_nergalle

Skill      XL: |  1  2  3  4  5  6  7  8  9 10 |
---------------+-------------------------------+-----
Fighting       | 1 2 3 4 5 6 |  6.8
Dodging        | 3 4 5 6 7 9 10 | 10.3
Unarmed Combat | 3 4 5 6 |  6.5
Shapeshifting  | 5 7 9 10 12 | 12.5
Invocations    | 2 |  2.8

Action                     |  1- 3 |  4- 6 |  7- 9 | 10-12 || total
---------------------------+-------+-------+-------+-------++-------
  Melee: Unarmed           |    90 |   190 |   508 |   268 ||  1056
         Punch             |     1 |     5 |     7 |    13 ||    26
         Dagger            |       |    15 |       |       ||    15
         Maw               |       |       |    33 |       ||    33
  Throw: Stone             |     5 |     9 |    30 |       ||    44
 Invoke: Heroism           |       |       |     3 |       ||     3
Ability: Begin Untransform |       |       |     1 |       ||     1
  Evoke: Wand              |       |       |     4 |     1 ||     5
         Lightning rod     |       |       |       |     4 ||     4
    Use: Scroll            |       |     6 |     2 |     5 ||    13
         Potion            |       |       |     2 |     1 ||     3
   Stab: Sleeping          |     3 |     4 |     1 |     1 ||     9
 Armour: Animal skin       |    21 |     5 |       |       ||    26
         Robe              |       |    61 |    33 |    60 ||   154
         Skin              |       |       |    78 |       ||    78
         Steam dragon scal |       |       |       |    41 ||    41
         Acid dragon scale |       |       |       |     8 ||     8
  Dodge: Dodged            |    80 |   169 |   510 |   299 ||  1058
         Repelled          |       |       |    12 |     3 ||    15
   Form: Beast             |       |       |     1 |       ||     1
         Flux              |       |       |     1 |       ||     1
         Blade             |       |       |     1 |       ||     1
         Maw               |       |       |     1 |       ||     1
